 Dungeon Crawl Stone Soup version 0.30-a0-377-g5cb311bc9f (webtiles) character file.

Game seed: 13985489604362884927

300 Uniporpoise the Digger (level 6, -2/36 HPs)
             Began as a Gargoyle Earth Elementalist on Dec 1, 2022.
             Slain by an orc
             ... wielding a +0 falchion
              (4 damage)
             ... on level 3 of the Dungeon.
             The game lasted 00:05:04 (2394 turns).

Uniporpoise the Digger (GrEE)                       Turns: 2394, Time: 00:05:05

Health: -2/36      AC:  7    Str: 11    XL:     6   Next: 36%
Magic:  10/10      EV: 12    Int: 18    God:
Gold:   166        SH:  0    Dex: 10    Spells: 6/10 levels left

rFire   . . .      SeeInvis .    t - +4 dagger (venom)
rCold   . . .      Faith    .    (no shield)
rNeg    + . .      Spirit   .    a - +1 robe
rPois   ∞          Reflect  .    (no helmet)
rElec   +          Harm     .    (no cloak)
rCorr   .          Rampage  .    (no gloves)
Will    .....                    (no boots)
Stlth   ++........               e - amulet of magic regeneration
HPRegen 0.26/turn                (no ring)
MPRegen 0.52/turn                (no ring)

@: weak-willed, studying Unarmed Combat
A: sickness immunity, AC +4, negative energy resistance 1, electricity
resistance, torment resistance 1, petrification resistance, wild magic 1,
MP-powered wands
a: no special abilities


You were on level 3 of the Dungeon.
You visited 1 branch of the dungeon, and saw 4 of its levels.

You collected 166 gold pieces.

Inventory:

Hand Weapons
 t - a +4 dagger of venom (weapon)
Armour
 a - a +1 robe (worn)
 r - a +0 leather armour
Jewellery
 e - an amulet of magic regeneration (around neck)
Wands
 s - a wand of iceblast (12)
Scrolls
 c - a scroll of teleportation
 d - 2 scrolls of enchant armour
 f - 3 scrolls of noise {unknown}
 h - 2 scrolls of identify
 j - a scroll of vulnerability
 l - 2 scrolls of fog {unknown}
 q - a scroll of poison {unknown}
Potions
 b - a potion of magic
 p - a potion of ambrosia {unknown}


   Skills:
 + Level 2.4 Fighting
 + Level 1.3 Armour
 - Level 2.0 Dodging
 - Level 2.1 Stealth
 + Level 2.9 Spellcasting
 * Level 3.0 Conjurations
 - Level 0.7 Transmutations
 * Level 5.5 Earth Magic
 + Level 0.0 Evocations


You had 6 spell levels left.
You knew the following spells:

 Your Spells              Type           Power      Damage    Failure   Level
a - Sandblast             Erth           58%        2d13      3%          1
b - Stone Arrow           Conj/Erth      46%        3d9       13%         3

Your spell library contained the following spells:

 Spells                   Type           Power      Damage    Failure   Level
 Passwall                 Tmut/Erth      15%        N/A       11%         2
 Wereblood                Tmut           6%         N/A       26%         2
 Petrify                  Tmut/Erth      18%        N/A       50%         4
 Animate Armour           Summ/Erth      32%        N/A       54%         4
 Summon Hydra             Summ           1%         N/A       100%        7
 Lehudib's Crystal Spear  Conj/Erth      11%        10d4      100%        8
 Sublimation of Blood     Necr           Unusable   N/A       N/A         2

Dungeon Overview and Level Annotations

Branches:
Dungeon (4/15)
 Temple: D:4-7

Altars:
Hepliaklqana

Shops:
D:4 [


Innate Abilities, Weirdness & Mutations

You are immune to sickness and miasma.
Your stone body is resilient. (AC +4)
You are immune to poison.
You resist negative energy. (rN+)
You are resistant to electric shocks. (rElec)
You are resistant to unholy torment.
You are immune to petrification.
Your spells are a little harder to cast, but a little more powerful.
You expend magic power (3 MP) to strengthen your wands.


Message History

Unknown command.
It was a potion of curing.
You feel better. The yak gores you but does no damage.
As you read the scroll labelled TUZ OHAIMI, it crumbles to dust.
It is a scroll of enchant armour.
Your +0 robe glows green for a moment.
The yak closely misses you.
As you read the scroll labelled BOSTRO OBLAPHUWK, it crumbles to dust.
It is a scroll of identify.
c - 2 scrolls of teleportation The yak gores you!
As you read the scroll of teleportation, it crumbles to dust.
You feel strangely unstable. The yak gores you.
* * * LOW HITPOINT WARNING * * *
Unknown command.
As you read the scroll labelled WEORUI ZOOWACH, it crumbles to dust.
You feel aware of your surroundings.
It was a scroll of magic mapping.
The yak gores you.
* * * LOW HITPOINT WARNING * * *
Unknown command.
As you read the scroll labelled UDUUKUEVUA, it crumbles to dust.
Magic quickly surges around you.
It was a scroll of vulnerability.
Your surroundings suddenly seem different.
You see here 3 scrolls labelled WYMNE UXYDICOQ.
f - 3 scrolls labelled WYMNE UXYDICOQ The orc shouts!
The orc shouts!
The orc barely misses you. x2
There is a stone staircase leading up here.
The orc hits you with a +0 whip.
* * * LOW HITPOINT WARNING * * *
The orc misses you. The orc hits you with a +0 falchion.
* * * LOW HITPOINT WARNING * * *
You climb upwards.
There is a stone staircase leading down here.
Unknown command.
It was a potion of mutation.
You feel extremely strange.
You feel less in control of your magic.
You feel your magical essence link to the dungeon's wands.
The orc hits you but does no damage. The orc hits you with a +0 falchion.
You die...

.....#.#.....## #.#.# #.# #.#
)....#.####...## #.#.# #.# ###
..####.# ###..# #.#.# #.# ..#
#.# #..###.#.# #.# ..# #.#
#..#(....# #.# ..# #.#
#..#.#.#.# #.# ..# #.#
#....#.#.# #.# ### #.#
#.o#o#.#.# #.# #####.##
##.o@#.### #.# #......#
#####.# #.# #......# #.# ###.#
#......##########.####)..#####
#....^.......................#
#....(.######.########.#####.#
##......# #.# #.# #.#
#....#.## #.# #.# #.# ####.#.#
#.# #.# #.#


You could see 3 orcs.

Vanquished Creatures
  A phantom (D:4)
  A hound (D:4)
  3 orc wizards
  4 adders
  An ufetubus (D:4)
  2 dart slugs (D:2)
  10 orcs
  7 endoplasms
  3 giant cockroaches
  4 goblins
  7 hobgoblins
  A quokka (D:3)
  7 ball pythons
  7 bats
  A frilled lizard (D:1)
  10 kobolds
  3 rats
72 creatures vanquished.

Vanquished Creatures (others)
  A fungus (D:1)
  2 plants (D:1)
3 creatures vanquished.

Grand Total: 75 creatures vanquished

Notes
Turn   | Place    | Note
-------+----------+-------------------------------------------
     0 | D:1      | Uniporpoise the Gargoyle Earth Elementalist began the quest
                  | for the Orb.
     0 | D:1      | Reached XP level 1. HP: 10/10 MP: 3/3
    26 | D:1      | Found a faded altar of an unknown god.
   163 | D:1      | Reached XP level 2. HP: 16/16 MP: 0/5
   281 | D:1      | Reached skill level 4 in Earth Magic
   476 | D:1      | Reached skill level 1 in Fighting
   528 | D:2      | Found a hazy altar of Hepliaklqana.
   551 | D:2      | Reached XP level 3. HP: 20/20 MP: 4/6
   556 | D:2      | Learned a level 3 spell: Stone Arrow
   901 | D:2      | Reached skill level 1 in Conjurations
   901 | D:2      | Reached XP level 4. HP: 25/25 MP: 5/7
  1395 | D:3      | Reached XP level 5. HP: 27/30 MP: 5/8
  1960 | D:4      | Found Loevoi's Antique Armour Boutique.
  1980 | D:4      | Reached skill level 5 in Earth Magic
  2029 | D:4      | Noticed a phantom
  2035 | D:4      | Killed a phantom
  2036 | D:4      | Reached skill level 1 in Armour
  2141 | D:4      | Reached XP level 6. HP: 27/35 MP: 8/10
  2349 | D:4      | Noticed a yak
  2350 | D:4      | Noticed a yak
  2351 | D:4      | Noticed a yak
  2351 | D:4      | Noticed a yak
  2392 | D:4      | HP: 1/36 [orc/+0 falchion (3)]
  2394 | D:3      | Gained mutation: Your spells are a little harder to cast,
                  | but a little more powerful. [potion of mutation]
  2394 | D:3      | Gained mutation: You expend magic power (3 MP) to
                  | strengthen your wands. [potion of mutation]
  2394 | D:3      | Slain by an orc

Illustrated notes

Levels and vault maps discovered:
D:1:      lemuel_arrival_funnel, layout_rooms, dreamdust_ecumenical_altar_grove,
          chequers_jeans
D:2:      layout_loops_cross, basic_altar, minmay_3d_cube
D:3:      layout_basic
D:4:      layout_basic, serial_shops, shop, amcnicky_mini_corridor_feature,
          patterned_corridor

Skill      XL: |  1  2  3  4  5  6 |
---------------+-------------------+-----
Earth Magic    | 4 5 |  5.5
Fighting       | 1 2 |  2.4
Dodging        | 2 |  2.0
Conjurations   | 1 2 3 |  3.0
Armour         | 1 |  1.3
Stealth        | |  2.1
Spellcasting   | |  2.9
Transmutations | |  0.7

Action                   |  1- 3 |  4- 6 || total
-------------------------+-------+-------++-------
Melee: Hand axe          |     3 |       ||     3
 Cast: Sandblast         |    43 |    61 ||   104
       Stone Arrow       |       |     7 ||     7
  Use: Scroll            |       |     6 ||     6
       Potion            |       |     3 ||     3
Armor: Robe              |     3 |     5 ||     8
Dodge: Dodged            |     6 |    17 ||    23

Table legend: (Time is in decaauts)
 A = Elapsed time spent in this place.
 B = Non-inter-level travel time spent in this place.
 C = Inter-level travel time spent in this place.
 D = Time resting spent in this place.
 E = Time spent auto-exploring this place.
 F = Levels seen in this place.
 G = Mean time per level.
                   A        B        C        D        E       F      G
               +--------+--------+--------+--------+--------+-----+--------+
         Total |   2444 |   2368 |     76 |     23 |   1867 |   4 |  611.0 |
       Dungeon |   2444 |   2368 |     76 |     23 |   1867 |   4 |  611.0 |
               +--------+--------+--------+--------+--------+-----+--------+

Top non-repeatable levels by time:
     D:3: 823 daAuts
     D:2: 633 daAuts
     D:1: 538 daAuts
     D:4: 448 daAuts
